 Dungeon Crawl Stone Soup version 0.20-a0-2-g2b0e13a (webtiles) character file.

265109 HEYYEYAAE the Shatterer (level 19, -21/180 HPs)
             Began as a Troll Berserker on Oct 29, 2016.
             Was a High Priest of Trog.
             Killed by a resonance strike
             ... invoked by a ragged hierophant
              (34 damage)
             ... in the Desolation of Salt.
             The game lasted 01:20:30 (33608 turns).

HEYYEYAAE the Shatterer (Troll Berserker)          Turns: 33608, Time: 01:20:31

Health: -21/180    AC: 18    Str: 41    XL:     19   Next: 29%
Magic:  24/24      EV: 13    Int:  3    God:    Trog [*****.]
Gold:   173        SH:  0    Dex:  9    Spells: 0 memorised, 18 levels left

rFire  + + .     SeeInvis .     J - +7 giant club of Premature Burial {crush, rF+}
rCold  . . .     Gourm    +     b - +6 swamp dragon scales
rNeg   . . .     Faith    +     (shield currently unavailable)
rPois  +         Spirit   .     (helmet restricted)
rElec  .         Reflect  .     (no cloak)
rCorr  .         Harm     .     (gloves unavailable)
MR     ++...                    (boots unavailable)
Stlth  ..........               N - amulet of faith
                                P - ring of protection from magic
                                G - ring "Joeb" {rF+ Str+5}

@: exhausted, about to teleport, very slightly contaminated, slowed, drained,
very slow
A: unfitting armour, claws 3, blink, fast metabolism 3, gourmand, regeneration
1, shaggy fur 1, tough skin 2
a: Blink, Berserk, Trog's Hand, Brothers in Arms, Burn Spellbooks, Renounce
Religion
}: 2/15 runes: decaying, serpentine


You were in the Desolation of Salt.
You worshipped Trog.
Trog was extremely pleased with you.
You were not hungry.

You visited 7 branches of the dungeon, and saw 33 of its levels.
You also visited: Ossuary, Bailey and Desolation.

You collected 3223 gold pieces.
You spent 3050 gold pieces at shops.

Inventory:

Hand Weapons
 a - a +6 antimagic giant spiked club
 j - a +8 antimagic giant club
 J - the +7 giant club of Premature Burial (weapon) {crush, rF+}
   (Trog gifted it to you on level 12 of the Dungeon)

   It inflicts extra damage upon your enemies.
   It protects you from fire.
 W - the +12 rapier "Kuutacvy" {elec, rElec rN+ Int+2 Dex+4}
   (Trog gifted it to you on level 11 of the Dungeon)

   Occasionally, upon striking a foe, it will discharge some electrical energy
   and cause terrible harm.
   It affects your intelligence (+2).
   It affects your dexterity (+4).
   It insulates you from electricity.
   It protects you from negative energy.
Missiles
 L - 40 large rocks (quivered)
Armour
 b - +6 swamp dragon scales (worn)
 O - +0 fire dragon scales
Jewellery
 g - the ring of the Eagle {rCorr *Slow rF++ Dex+3}
   (You found it on level 14 of the Dungeon)

   [ring of resist corrosion]

   It affects your dexterity (+3).
   It greatly protects you from fire.
   It may slow you when you take damage.
 B - a +6 ring of intelligence
 E - a +5 amulet of reflection
 G - the ring "Joeb" (left claw) {rF+ Str+5}
   (You found it on level 3 of the Snake Pit)

   [ring of protection from fire]

   It affects your strength (+5).
   It protects you from fire.
 M - an uncursed ring of see invisible
 N - an amulet of faith (around neck)
 P - a ring of protection from magic (right claw)
 Y - an uncursed ring of protection from cold
Wands
 n - a wand of disintegration (3/24)
 v - a wand of confusion (8/48)
 z - a wand of iceblast (7/15)
 C - a wand of heal wounds (2/9)
 Q - a wand of flame (32/48)
 U - a wand of digging (8/24)
 V - a wand of iceblast (9/15)
 X - a wand of teleportation (3/9)
Scrolls
 e - 2 scrolls of vulnerability
 r - a scroll of magic mapping
 t - a scroll of teleportation
 u - a scroll of holy word {unknown}
 w - 11 scrolls of remove curse
 y - 6 scrolls of recharging
 A - 2 scrolls of silence
 D - 3 scrolls of enchant armour
 F - 3 scrolls of fog
 K - 2 scrolls of fear
 S - a scroll of blinking
 Z - a scroll of summoning
Potions
 d - 9 potions of agility
 f - a potion of berserk rage
 h - 5 potions of haste
 k - a potion of cancellation
 l - 8 potions of curing
 m - 4 potions of might
 o - a potion of ambrosia
 p - 6 potions of lignification
 x - 4 potions of magic
 H - a potion of invisibility
 I - a potion of resistance
 R - 5 potions of brilliance
 T - 3 potions of flight
Miscellaneous
 q - a lamp of fire
Comestibles
 c - 17 bread rations
 i - 18 meat rations


   Skills:
 + Level 9.6(8.7) Fighting
 * Level 23.0(21.9) Maces & Flails
 + Level 4.0(3.3) Throwing
 + Level 9.6(8.7) Armour
 + Level 9.6(8.8) Dodging
 + Level 8.2(7.4) Evocations


You had 18 spell levels left.
You didn't know any spells.

Dungeon Overview and Level Annotations

Branches:
Dungeon (15/15)            Temple (0/1) D:7            Lair (6/6) D:9
  Swamp (4/4) Lair:2        Snake (4/4) Lair:2        Slime (0/5) Lair:6
    Orc (2/2) D:9             Elf (1/3) Orc:2        Vaults (0/5) D:13
 Depths (1/5) D:15

Altars:
Cheibriados
Dithmenos
Hepliaklqana
Makhleb
Okawaru
Sif Muna
Trog
Xom
Zin
The Shining One
Beogh
Jiyva

Shops:
D:8 (   D:13 !   Orc:2 ([}   Snake:2 ?   Snake:4 =

Annotations:
D:14 exclusion: Roxanne, Roxanne
Lair:4 motku00's ghost, journeyman FeCj
Lair:5 exclusion: oklob plant
Lair:6 1 runed door


Innate Abilities, Weirdness & Mutations

You are too large for most types of armour.
You have claws for hands.
Your metabolism is lightning-fast.
You like to eat raw meat.
Your natural rate of healing is unusually fast.
You are covered in fur. (AC +1)
You have very tough skin. (AC +2)
You can translocate small distances at will.


Message History

Okay, then.
Welcome back, HEYYEYAAE the Troll Berserker.
Trog says: Kill them all!
Press ? for a list of commands and other information.
As you read the scroll of teleportation, it crumbles to dust.
You feel strangely unstable.
The guardian serpent weaves intricate patterns with the tip of its tongue.
The saltling blinks! x2; The saltling blinks into view!
The servant of whispers blinks!
The saltling blinks into view!
The peacekeeper blinks!
The guardian serpent blinks!
The ragged hierophant blinks!
The peacekeeper misses you. The peacekeeper claws you!
* * * LOW HITPOINT WARNING * * *
The saltling hits you.
* * * LOW HITPOINT WARNING * * *
The saltling closely misses you. The saltling misses you.
The guardian serpent hits you but does no damage.
The ragged hierophant casts a spell at you.
A blast of power from the earth and the adjacent constructs strikes you!
You die...

##....... ....
##......##... .
##.......... ..
##......... ...
##........#....
##.............
##....888......
##....p@8.............
##....8Sp...§........S
##........8.........#§
##.....8..S.8.....8..#
##......8..8.....S....
##..........§§........
##.........§§8S.8.....
##.....8..§..§8.§.....
...§§§8§8§.....


You could see a ragged hierophant, a servant of whispers, 2 peacekeepers, 3
guardian serpents and 11 saltlings.

Vanquished Creatures
  Jorgrun (Snake:3)
  Frances (D:14)
  A sphinx (D:15)
  Kirke (Snake:2)
  A thorn hunter (Swamp:2)
  The ghost of feelmyfire the Fencer, an adept MiFi of Okawaru (Swamp:4)
  A tengu reaver (D:15)
  7 nagarajas
  Aizul (Snake:2)
  A caustic shrike zombie (D:15)
  2 ghouls (D:15)
  The ghost of brucemayne the Severer, a journeyman DsBe of Trog (Swamp:4)
  A very ugly thing (Swamp:2)
  A halazid warlock (Desolation)
  Snorg (D:13)
  4 fire dragons
  Josephine (Lair:6)
  26 hydras
  3 vault guards (D:13)
  15 naga warriors
  10 anacondas
  A ghost crab (Swamp:4)
  3 centaur warriors
  3 dancing weapons
  A tengu warrior (D:15)
  6 alligators
  5 shock serpents
  11 naga sharpshooters
  3 orc high priests (Orc:2)
  A death yak (Lair:4)
  2 deep elf knights
  6 salamander mystics
  A fire crab (Swamp:4)
  A flayed ghost (D:15)
  3 skeletal warriors (D:15)
  3 spriggan druids
  2 unseen horrors
  A tengu zombie (D:15)
  A phantasmal warrior (D:15)
  10 swamp dragons
  10 hill giants
  A lindwurm (Lair:6)
  7 orc knights
  2 deep elf archers (Elf:1)
  A necromancer (D:15)
  3 shambling mangroves
  8 naga ritualists
  10 deep elf magi
  A frost giant zombie (D:15)
  9 mana vipers
  5 orc sorcerers
  11 ugly things
  4 cyclopes
  12 salamanders
  3 manticores
  6 torpor snails (Lair:6)
  44 black mambas
  7 guardian serpents
  6 centaur zombies
  A molten gargoyle (Swamp:4)
  11 naga magi
  19 spiny frogs
  2 rime drakes
  A yaktaur zombie (D:15)
  12 komodo dragons
  3 tengu conjurers
  A yaktaur (D:13)
  A guardian mummy (D:15)
  5 trolls
  16 hornets
  9 saltlings
  A two-headed ogre (D:14)
  15 blink frogs
  9 bog bodies
  A meliai zombie (D:15)
  13 tyrant leeches
  9 hippogriffs
  11 slime creatures
  4 wyverns
  3 spriggans
  4 shadows
  4 wraiths (Lair:6)
  A vampire (D:13)
  A basilisk (Lair:3)
  A fire elemental (Elf:1)
  57 yaks
  4 hungry ghosts
  2 fire bats (Swamp:4)
  3 steam dragons
  3 hogs (Snake:2)
  27 vampire mosquitoes
  52 nagas
  4 mottled dragons (Swamp:4)
  19 swamp worms
  4 wargs
  22 water moccasins
  3 porcupines
  A black bear (D:11)
  5 sky beasts
  4 ice beasts
  30 orc warriors
  A hornet zombie (D:15)
  2 eyes of draining
  10 swamp drakes
  2 phantoms
  15 ogres
  7 wolves
  11 centaurs
  12 crocodiles
  3 big kobolds
  6 bullfrogs
  2 water moccasin zombies (Ossuary)
  4 scorpions
  10 killer bees
  9 wights
  4 electric eels
  2 howler monkeys (D:9)
  8 crimson imps
  2 bullfrog zombies
  6 hounds
  2 jellies
  6 centaur skeletons
  13 orc priests
  19 orc wizards
  3 bullfrog skeletons
  6 iguanas
  9 worker ants
  A killer bee zombie (D:8)
  A big kobold zombie (Ossuary)
  A hound skeleton (D:7)
  3 mummies
  2 worker ant zombies
  A howler monkey zombie (D:5)
  11 gnolls
  12 adders
  4 shadow imps
  A white imp (D:7)
  3 adder skeletons
  5 adder zombies
  3 worms
  2 dart slugs (D:2)
  4 leopard geckos
  87 orcs
  2 ball pythons
  8 bats
  9 giant cockroaches
  3 gnoll zombies (Ossuary)
  5 goblins
  10 hobgoblins
  16 jackals
  22 kobolds
  4 quokkas
  8 frilled lizards
  A goblin skeleton (D:7)
  A goblin zombie (D:7)
  8 hobgoblin zombies
  A kobold skeleton (D:7)
  3 kobold zombies (Ossuary)
  2 orc skeletons (D:7)
  8 orc zombies (Ossuary)
  6 rats
  A plant (Lair:3)
1126 creatures vanquished.

Vanquished Creatures (collateral kills)
  Vashnia (Snake:2)
  3 nagarajas
  2 very ugly things (Depths:1)
  A stone giant (Orc:2)
  A ragged hierophant (Desolation)
  A peacekeeper (Desolation)
  A servant of whispers (Desolation)
  2 vault guards (D:13)
  2 hydras
  A death knight (D:11)
  3 naga sharpshooters
  A deep elf knight (Elf:1)
  A fire crab (Swamp:4)
  A skeletal warrior (D:15)
  A spriggan druid (Swamp:4)
  A naga ritualist (Snake:4)
  A deep elf archer (Elf:1)
  A swamp dragon (Swamp:1)
  A lindwurm (Swamp:4)
  7 ugly things
  A salamander (Snake:4)
  8 deep elf magi (Elf:1)
  2 slime creatures (Swamp:4)
  A guardian serpent (Desolation)
  A black mamba (Snake:4)
  A spiny frog (Lair:1)
  A naga mage (Snake:4)
  A yaktaur (D:13)
  2 freezing wraiths (D:11)
  A two-headed ogre (D:9)
  A tyrant leech (Swamp:1)
  4 saltlings (Desolation)
  A bog body (Swamp:1)
  2 wraiths (D:11)
  2 yaks (Lair:3)
  2 nagas (Snake:4)
  3 vampire mosquitoes (Swamp:1)
  A swamp worm (Swamp:1)
  A water moccasin (Lair:3)
  6 orc warriors
  A swamp drake (Swamp:1)
  A wolf (D:9)
  2 crocodiles
  3 bullfrogs
  An earth elemental (Elf:1)
  3 killer bees
  3 orc wizards
  An orc priest (Orc:2)
  10 orcs
100 creatures vanquished.

Vanquished Creatures (others)
  A hydra (Swamp:4)
  A naga warrior (Snake:4)
  A swamp dragon (Swamp:4)
  2 salamanders
  A kobold demonologist (D:12)
  2 humans (Snake:2)
  3 swamp drakes (Swamp:4)
  A sky beast (D:8)
  A centaur (D:7)
  A bullfrog (D:12)
  An orc (Bailey)
  A kobold (D:12)
  A bush (Lair:2)
  2 fungi (Lair:4)
  17 plants
36 creatures vanquished.

Grand Total: 1262 creatures vanquished

Notes
Turn   | Place    | Note
-------+----------+-------------------------------------------
     0 | D:1      | HEYYEYAAE the Troll Berserker began the quest for the Orb.
     0 | D:1      | Reached XP level 1. HP: 22/22 MP: 0/0
   116 | D:1      | Reached skill level 3 in Maces & Flails
   131 | D:1      | Reached XP level 2. HP: 29/29 MP: 1/1
   607 | D:1      | Reached ** piety under Trog
   689 | D:2      | Reached XP level 3. HP: 36/36 MP: 2/2
  1061 | D:2      | You fall through a shaft!
  1381 | D:4      | Reached XP level 4. HP: 20/44 MP: 3/3
  1496 | D:4      | Reached skill level 1 in Armour
  2135 | D:3      | Reached XP level 5. HP: 52/52 MP: 4/4
  2183 | D:3      | Reached skill level 4 in Maces & Flails
  2248 | D:2      | Reached *** piety under Trog
  2638 | D:3      | Reached XP level 6. HP: 61/61 MP: 5/5
  2898 | D:3      | Received a gift from Trog
  3092 | D:5      | Entered Level 5 of the Dungeon
  3245 | D:5      | Reached skill level 5 in Maces & Flails
  3332 | D:5      | Reached XP level 7. HP: 61/67 MP: 6/6
  3483 | D:5      | Reached **** piety under Trog
  3855 | D:6      | Reached skill level 1 in Evocations
  3963 | D:6      | Reached skill level 6 in Maces & Flails
  3963 | D:6      | Reached XP level 8. HP: 58/78 MP: 7/7
  3969 | D:6      | Found a hazy altar of Hepliaklqana.
  3969 | D:6      | Found a glowing golden altar of the Shining One.
  3969 | D:6      | Found a burning altar of Makhleb.
  3970 | D:6      | Found a snail-covered altar of Cheibriados.
  4131 | D:6      | Found a sand-covered staircase.
  4149 | Ossuary  | Entered an ossuary
  4553 | D:7      | Reached ***** piety under Trog
  4595 | D:7      | Found a glowing golden altar of the Shining One.
  4676 | D:7      | Reached skill level 7 in Maces & Flails
  4823 | D:7      | Reached XP level 9. HP: 85/85 MP: 9/9
  4900 | D:7      | Found a glowing silver altar of Zin.
  5007 | D:7      | Reached skill level 5 in Dodging
  5105 | D:7      | Found a staircase to the Ecumenical Temple.
  5342 | D:7      | Reached skill level 5 in Fighting
  5740 | D:8      | Reached skill level 8 in Maces & Flails
  5951 | D:8      | Found an iron altar of Okawaru.
  6095 | D:8      | Found Kysiedgh's Antique Weapon Shop.
  6128 | D:8      | Found a deep blue altar of Sif Muna.
  6167 | D:8      | Received a gift from Trog
  6167 | D:8      | Reached skill level 5 in Armour
  6167 | D:8      | Reached XP level 10. HP: 93/96 MP: 11/11
  6782 | D:9      | Found a staircase to the Lair.
  6947 | D:9      | Found a staircase to the Orcish Mines.
  7170 | D:9      | Reached skill level 9 in Maces & Flails
  7541 | Lair:1   | Entered Level 1 of the Lair of Beasts
  7570 | D:10     | Entered Level 10 of the Dungeon
  7730 | D:10     | Found a bloodstained altar of Trog.
  8011 | D:10     | Killed an unseen horror
  8421 | D:11     | Noticed a death knight
  8449 | D:11     | Noticed a hill giant
  8453 | D:11     | Noticed a manticore
  8461 | D:11     | Killed a hill giant
  8469 | D:11     | Killed a manticore
  8469 | D:11     | Received a gift from Trog
  8469 | D:11     | Reached XP level 11. HP: 106/106 MP: 13/13
  8558 | D:11     | Got a crystal rapier {god gift}
  8606 | D:11     | Killed a death knight
  8610 | D:11     | Reached skill level 5 in Evocations
  8723 | D:11     | Killed an unseen horror
  8723 | D:11     | Reached skill level 10 in Maces & Flails
  8800 | D:11     | Noticed a hill giant
  8810 | D:11     | Killed a hill giant
  8962 | D:12     | Noticed a white ugly thing
  8962 | D:12     | Noticed a hill giant
  9091 | D:11     | Noticed a hill giant
  9100 | D:11     | Killed a hill giant
  9146 | D:12     | Found a flagged portal.
  9155 | Bailey   | Entered a bailey
  9682 | Bailey   | Noticed an orc knight
  9699 | Bailey   | Killed an orc knight
  9794 | D:12     | Found Toddiy's Magic Scroll Shop.
  9807 | D:12     | Killed a white ugly thing
  9821 | D:12     | Received a gift from Trog
  9827 | D:12     | Got a warped giant club {god gift}
  9877 | D:12     | Bought a scroll of enchant armour for 105 gold pieces
  9877 | D:12     | Bought a scroll of remove curse for 42 gold pieces
  9877 | D:12     | Bought a scroll of blinking for 105 gold pieces
  9877 | D:12     | Bought a scroll of fear for 49 gold pieces
  9877 | D:12     | Bought a scroll of identify for 28 gold pieces
  9877 | D:12     | Bought 2 scrolls of identify for 56 gold pieces
  9877 | D:12     | Bought a scroll of teleportation for 42 gold pieces
  9877 | D:12     | Bought a scroll of blinking for 105 gold pieces
  9878 | D:12     | Identified the +7 giant club of Premature Burial {crush, rF+} (Trog gifted it to you on level 12 of the Dungeon)
  9879 | D:12     | Identified the +12 rapier "Kuutacvy" {elec, rElec rN+ Int+2 Dex+4} (Trog gifted it to you on level 11 of the Dungeon)
  9976 | D:12     | Killed a hill giant
 10002 | D:12     | Noticed a hill giant
 10009 | D:12     | Killed a hill giant
 10009 | D:12     | Reached XP level 12. HP: 74/118 MP: 15/15
 10185 | D:12     | Reached skill level 11 in Maces & Flails
 10347 | D:12     | Found a shimmering altar of Xom.
 10437 | D:12     | Got an encrusted halberd
 10570 | D:13     | Noticed a centaur warrior
 10577 | D:13     | Killed a centaur warrior
 10694 | D:13     | Found Linac's Distillery.
 10704 | D:13     | Bought a potion of might for 44 gold pieces
 10704 | D:13     | Bought a potion of resistance for 110 gold pieces
 10704 | D:13     | Bought a potion of curing for 33 gold pieces
 10950 | D:13     | Noticed a vault guard
 11130 | D:9      | HP: 8/177 [wolf (7)]
 11322 | Lair:1   | Noticed a seven-headed hydra
 11333 | Lair:1   | Killed a seven-headed hydra
 11499 | Lair:1   | Found a shadowy altar of Dithmenos.
 12628 | Lair:2   | Reached skill level 12 in Maces & Flails
 12727 | Lair:2   | Noticed an eight-headed hydra
 12738 | Lair:2   | Killed an eight-headed hydra
 12738 | Lair:2   | Reached XP level 13. HP: 127/127 MP: 16/16
 12792 | Lair:2   | Received a gift from Trog
 12980 | Lair:2   | Found a staircase to the Snake Pit.
 13078 | Lair:2   | Found a staircase to the Swamp.
 13403 | Swamp:1  | Entered Level 1 of the Swamp
 15637 | Lair:4   | Noticed motku00's ghost (journeyman FeCj)
 15791 | Lair:4   | Reached skill level 13 in Maces & Flails
 15963 | Lair:4   | Got a transparent robe
 16171 | Lair:5   | Reached ****** piety under Trog
 16171 | Lair:5   | Received a gift from Trog
 16618 | Lair:5   | Identified the +3 robe of the Archfiend {MR+ Regen+} (You found it on level 4 of the Lair of Beasts)
 16754 | Lair:5   | Reached XP level 14. HP: 134/137 MP: 18/18
 16780 | Lair:6   | Entered Level 6 of the Lair of Beasts
 16907 | Lair:6   | Found a runed door.
 16907 | Lair:6   | Found a viscous altar of Jiyva.
 16908 | Lair:6   | Noticed an acid blob
 16910 | Lair:6   | Noticed an acid blob
 16911 | Lair:6   | Found a staircase to the Slime Pits.
 17420 | Lair:6   | Reached skill level 14 in Maces & Flails
 17482 | Lair:6   | Noticed Josephine
 17492 | Lair:6   | Killed Josephine
 17777 | Lair:6   | Found a runed door.
 18254 | Lair:6   | Gained mutation: You have sharp toenails. [potion of mutation]
 18254 | Lair:6   | Gained mutation: Your spells are a little easier to cast, but a little less powerful. [potion of mutation]
 18257 | Lair:6   | Reached skill level 15 in Maces & Flails
 18257 | Lair:6   | Reached XP level 15. HP: 145/145 MP: 19/19
 18322 | Lair:6   | Lost mutation: You have sharp toenails. [potion of cure mutation]
 18322 | Lair:6   | Lost mutation: Your spells are a little easier to cast, but a little less powerful. [potion of cure mutation]
 18673 | Orc:1    | Entered Level 1 of the Orcish Mines
 18741 | Orc:1    | You fall through a shaft!
 18741 | Orc:2    | Entered Level 2 of the Orcish Mines
 18741 | Orc:2    | Found a roughly hewn altar of Beogh.
 18749 | Orc:2    | Found a staircase to the Elven Halls.
 18794 | Orc:1    | Received a gift from Trog
 19200 | Orc:2    | Reached skill level 16 in Maces & Flails
 19446 | Orc:2    | Paralysed by an orc sorcerer for 5 turns
 19584 | Orc:2    | Found Willin Suuh's Food Boutique.
 19624 | Orc:2    | Found Gyeplyud's Armour Emporium.
 19626 | Orc:2    | Found Qiwnyuho's Antique Weapon Boutique.
 19626 | Orc:2    | Found Icoutionn's Gadget Emporium.
 19676 | Orc:2    | Bought a lamp of fire for 480 gold pieces
 19678 | Orc:2    | Bought 3 fruits for 63 gold pieces
 19678 | Orc:2    | Bought a slice of pizza for 21 gold pieces
 19678 | Orc:2    | Bought a bread ration for 70 gold pieces
 19678 | Orc:2    | Bought a beef jerky for 21 gold pieces
 19678 | Orc:2    | Bought a beef jerky for 21 gold pieces
 19678 | Orc:2    | Bought a meat ration for 70 gold pieces
 19678 | Orc:2    | Bought a bread ration for 70 gold pieces
 19678 | Orc:2    | Bought a meat ration for 70 gold pieces
 19678 | Orc:2    | Bought 2 fruits for 42 gold pieces
 19678 | Orc:2    | Bought a meat ration for 70 gold pieces
 20179 | D:13     | Received a gift from Trog
 20187 | D:13     | Noticed Snorg
 20216 | D:13     | Killed Snorg
 20636 | D:13     | Found a gate to the Vaults.
 20644 | D:13     | Reached skill level 17 in Maces & Flails
 20922 | D:14     | Noticed Frances
 20932 | D:14     | Killed Frances
 20932 | D:14     | Reached XP level 16. HP: 154/154 MP: 20/20
 20975 | D:14     | Gained mutation: You can translocate small distances at will. [potion of beneficial mutation]
 21022 | D:14     | Got a sparkling steel ring
 21023 | D:14     | Identified the ring of the Eagle {rCorr *Slow rF++ Dex+3} (You found it on level 14 of the Dungeon)
 21384 | D:14     | Noticed Roxanne
 21600 | D:15     | Entered Level 15 of the Dungeon
 21649 | D:15     | Found a runed door.
 21712 | D:15     | Found a staircase to the Depths.
 21897 | D:15     | Reached skill level 18 in Maces & Flails
 22067 | D:15     | Received a gift from Trog
 22794 | D:15     | Noticed a tengu reaver
 22794 | D:15     | Noticed a sphinx
 22799 | D:15     | Killed a sphinx
 22809 | D:15     | Killed a tengu reaver
 22926 | Depths:1 | Entered Level 1 of the Depths
 22938 | Depths:1 | Reached skill level 19 in Maces & Flails
 23267 | Snake:1  | Entered Level 1 of the Snake Pit
 23845 | Snake:2  | Found Diofet's Magic Scroll Shop.
 23865 | Snake:2  | Bought a scroll of identify for 32 gold pieces
 23865 | Snake:2  | Bought a scroll of identify for 32 gold pieces
 23865 | Snake:2  | Bought a scroll of identify for 32 gold pieces
 23865 | Snake:2  | Bought a scroll of fog for 32 gold pieces
 23865 | Snake:2  | Bought a scroll of fear for 56 gold pieces
 23865 | Snake:2  | Bought a scroll of recharging for 152 gold pieces
 23865 | Snake:2  | Bought a scroll of summoning for 152 gold pieces
 24090 | Snake:2  | Reached XP level 17. HP: 137/161 MP: 21/21
 24388 | Snake:2  | Noticed Aizul
 24400 | Snake:2  | Killed Aizul
 24400 | Snake:2  | Reached skill level 20 in Maces & Flails
 24492 | Snake:2  | Noticed Vashnia
 24702 | Snake:2  | Noticed Kirke
 24726 | Snake:2  | Killed Kirke
 24803 | Snake:2  | Killed Vashnia
 25320 | Snake:3  | Received a gift from Trog
 25722 | Snake:3  | Got a clouded ivory ring
 25723 | Snake:3  | Identified the ring "Joeb" {rF+ Str+5} (You found it on level 3 of the Snake Pit)
 25726 | Snake:3  | Identified a scroll of acquirement
 25733 | Snake:3  | Got a creamy pearl robe
 26068 | Snake:3  | Noticed Jorgrun
 26097 | Snake:3  | Killed Jorgrun
 26522 | Snake:4  | Entered Level 4 of the Snake Pit
 26528 | Snake:4  | Reached skill level 21 in Maces & Flails
 26645 | Snake:4  | Found Kiurusua's Jewellery Shop.
 26662 | Snake:4  | Bought an uncursed amulet of faith for 520 gold pieces
 26681 | Snake:4  | Identified the +3 robe "Uzinopsy" {*Corrode rPois MR++ Int-5} (You acquired it on level 3 of the Snake Pit)
 26681 | Snake:4  | Lost intelligence.
 27496 | Snake:4  | Received a gift from Trog
 27758 | Snake:4  | Received a gift from Trog
 27923 | Snake:4  | Reached XP level 18. HP: 145/170 MP: 22/22
 28068 | Snake:4  | Reached skill level 22 in Maces & Flails
 29004 | Snake:4  | Got a serpentine rune of Zot
 29603 | Swamp:1  | Received a gift from Trog
 30068 | Swamp:2  | Reached skill level 1 in Throwing
 30608 | Swamp:3  | Received a gift from Trog
 31329 | Swamp:4  | Entered Level 4 of the Swamp
 31329 | Swamp:4  | Noticed feelmyfire's ghost (adept MiFi)
 31345 | Swamp:4  | Killed feelmyfire's ghost
 31586 | Swamp:4  | Noticed brucemayne's ghost (journeyman DsBe)
 31594 | Swamp:4  | Killed brucemayne's ghost
 31674 | Swamp:4  | Received a gift from Trog
 32038 | Swamp:4  | Reached XP level 19. HP: 144/179 MP: 23/23
 32427 | Swamp:4  | Reached skill level 23 in Maces & Flails
 32680 | Swamp:4  | Received a gift from Trog
 32689 | Swamp:4  | Got a decaying rune of Zot
 32884 | Snake:4  | Bought an uncursed ring of protection from cold for 325 gold pieces
 33016 | Elf:1    | Entered Level 1 of the Elven Halls
 33173 | Elf:1    | Received a gift from Trog
 33195 | Elf:1    | Found a ruined gateway.
 33245 | Elf:1    | Received a gift from Trog
 33282 | Desolati | Entered the Desolation of Salt
 33604 | Desolati | HP: 6/180 [molten gargoyle/flail (7)]
 33608 | Desolati | Killed from afar by a ragged hierophant

Vault maps used:
D:1:      dpeg_arrival_pond, minmay_pentomino_q2
D:2:      st_stairs_1
D:4:      first_bread
D:6:      grunt_temple_overflow_open, nicolae_ossuary_entry_ruins
D:7:      basic_altar, grunt_ogre_cave, nicolae_tso_besieged_by_evil
D:8:      wad_river_or_something, old_standard_altar, serial_shops, shop,
          led_sif_book
D:9:      erik_lair_orcish_takeover, orc_0_dummy, serial_park_tiny_pond
D:10:     basic_altar
D:12:     serial_shops, nicolae_shop_stone, enter_bailey_2, xom_confusion_cloud
D:13:     grunt_vaults_entry_fortified, serial_co_window_serial,
          co_window_of_opportunity_a, co_window_paths_b,
          co_window_of_opportunity_a, co_window_of_opportunity_a,
          co_window_corner_a, co_window_corner_a, co_window_paths_b,
          co_window_corner_a, co_window_paths_a, co_window_paths_c,
          co_window_broadway_c, co_window_paths_c, co_window_broadway_c,
          co_window_corner_ca, serial_shops, shop, uniq_snorg
D:14:     hangedman_abyss_or_decor_stabs, uniq_frances, uniq_roxanne
D:15:     gammafunk_depths_entry_grave, serial_undead, serial_undead_b,
          serial_undead_a, serial_undead_c, serial_undead_e, minivault_27,
          minivault_13
Lair:1:   basic_altar, minivault_19, serial_bayou_shore_b, serial_bayou_shore_a,
          grunt_megastairs_4
Lair:2:   minmay_swamp_entry_worms, dummy_snake_entry,
          grunt_forest_large_clearing_hut
Lair:4:   minivault_11, beast_lair_carwin_7
Lair:6:   wormcave, slime_altar_2, infiniplex_staircase_pool,
          grunt_megastairs_5, uniq_josephine
Swamp:1:  serial_swamp_ruin, evilmike_swamp_ruin_house_6,
          evilmike_swamp_ruin_rubble_1, evilmike_swamp_ruin_house_4
Swamp:2:  hangedman_swamp_pad
Swamp:3:  evilmike_swamp_ruin_rubble_2
Swamp:4:  swamp_fiery, swamp_pool2
Snake:2:  serial_shops, shop_fountains, uniq_vashnia, uniq_kirke, uniq_aizul
Snake:3:  st_stairs_1, spider_trap, grunt_megastairs_1, uniq_jorgrun
Snake:4:  johnstein_snake_rune_scales, serial_shops, shop_coins
Orc:2:    st_orc_elflike, mines2_david
Elf:1:    elf_arrival_002, portal_desolation_entry_salt, minivault_28
Depths:1: enter_ziggurat_c, grunt_decor_cap, pf_coc_iceberg,
          rand_demon_pan_entry_5, minmay_misc_feat_rows,
          hangedman_research_probablistics, minmay_shop_star
Ossuary:  ossuary_tomb_2
Bailey:   bailey_polearm_2, bailey

Skill      XL: |  1  2  3  4  5  6  7  8  9 10 11 12 13 14 15 16 17 18 19 |
---------------+----------------------------------------------------------+-----
Maces & Flails | 3 4 5 6 7 8 9 10 12 13 15 17 19 21 22 23 | 23.0
Armour         | 1 2 3 5 7 8 9 |  9.6
Dodging        | 3 4 5 6 7 8 9 |  9.6
Fighting       | 3 4 5 6 7 8 9 |  9.6
Evocations     | 1 2 3 4 5 6 7 8 |  8.2
Throwing       | 3 4 |  4.0

Action                   |  1- 3 |  4- 6 |  7- 9 | 10-12 | 13-15 | 16-18 | 19-21 || total
-------------------------+-------+-------+-------+-------+-------+-------+-------++-------
Melee: Mace              |   150 |   192 |   592 |   268 |       |       |       ||  1202
       Falchion          |    11 |       |       |       |       |       |       ||    11
       Dire flail        |       |       |       |   236 |   917 |       |       ||  1153
       Rapier            |       |       |       |   262 |       |       |       ||   262
       Giant club        |       |       |       |       |   243 |  1315 |   146 ||  1704
       Kick              |       |       |       |       |     2 |       |       ||     2
Throw: Large rock        |       |       |       |     2 |     1 |     8 |     1 ||    12
Invok: Berserk           |     2 |     7 |    11 |    19 |    20 |    27 |     1 ||    87
       Trog's Hand       |       |       |     2 |     1 |     1 |     4 |       ||     8
       Brothers in Arms  |       |       |     1 |     4 |     7 |    14 |     6 ||    32
Evoke: Wand              |       |       |     4 |    34 |    26 |    22 |     6 ||    92
       Lamp of fire      |       |       |       |       |       |     3 |       ||     3
  Use: Scroll            |       |       |    11 |    19 |    26 |    14 |    11 ||    81
       Potion            |       |       |     2 |       |    13 |     6 |     1 ||    22
 Stab: Sleeping          |     1 |       |       |       |       |       |       ||     1
       Confused          |       |       |     2 |       |     1 |       |       ||     3
       Paralysed         |       |       |       |       |     3 |     2 |       ||     5
       Distracted        |       |       |       |       |     1 |       |       ||     1
       Invisible         |       |       |       |       |       |     2 |       ||     2
  Eat: Chunk             |    18 |    22 |    41 |    88 |    93 |    80 |    13 ||   355
       Beef jerky        |       |       |     6 |       |       |    12 |       ||    18
       Fruit             |       |       |     2 |       |       |     7 |       ||     9
       Pizza             |       |       |     1 |       |     2 |     3 |       ||     6
       Royal jelly       |       |       |       |       |       |     1 |       ||     1
       Bread ration      |       |       |       |       |       |     5 |       ||     5
       Meat ration       |       |       |       |       |       |     1 |       ||     1
Armor: Animal skin       |   106 |   107 |   212 |    66 |       |       |       ||   491
       Troll leather arm |       |       |       |   175 |    47 |       |       ||   222
       Swamp dragon scal |       |       |       |       |   354 |   531 |    80 ||   965
Dodge: Dodged            |   155 |   119 |   275 |   472 |   535 |   645 |   104 ||  2305
Block: Other             |       |       |   121 |   189 |   177 |   103 |       ||   590
       Reflection        |       |       |     3 |     6 |     6 |     9 |       ||    24
       Rpst.: Falchion   |     4 |       |       |       |       |       |       ||     4
